 Dungeon Crawl Stone Soup version 0.22.0-5-gf09313c (webtiles) character file.

30 Amnesiac the Digger (level 3, 0/24 HPs)
             Began as a Mummy Earth Elementalist on Aug 13, 2018.
             Slain by a bullfrog (8 damage)
             ... on level 4 of the Dungeon.
             The game lasted 00:01:05 (874 turns).

Amnesiac the Digger (Mummy Earth Elementalist)       Turns: 874, Time: 00:01:06

Health: 0/24       AC:  3    Str: 11    XL:     3   Next: 5%
Magic:  0/7        EV: 12    Int: 15    God:
Gold:   79         SH:  0    Dex: 12    Spells: 5/8 levels left

rFire    x . .     SeeInvis .   d - +1 dagger (flame)
rCold    + . .     Gourm    .   (no shield)
rNeg     + + +     Faith    .   c - +0 robe
rPois    ∞         Spirit   .   (no helmet)
rElec    .         Reflect  .   (no cloak)
rCorr    .         Harm     .   (no gloves)
MR       .....                  f - +0 pair of boots
Stlth    ++........             (no amulet)
HPRegen  0.08/turn              (no ring)
MPRegen  0.10/turn              (no ring)

@: very slightly contaminated
A: no food or potions, fire vulnerability, cold resistance 1, negative energy
resistance 3, torment resistance, unbreathing
a: no special abilities


You were on level 4 of the Dungeon.
You were not hungry.

You visited 1 branch of the dungeon, and saw 4 of its levels.

You collected 79 gold pieces.

Inventory:

Hand Weapons
 d - a +1 dagger of flaming (weapon)
Missiles
 b - 24 stones (quivered)
Armour
 c - a +0 robe (worn)
 f - a +0 pair of boots (worn)
Scrolls
 a - a scroll of teleportation {!r, unknown}
 e - a scroll of random uselessness {!r, unknown}
 g - a scroll of remove curse {!r, unknown}


   Skills:
 - Level 1.5 Dodging
 - Level 1.5 Stealth
 + Level 3.2 Spellcasting
 - Level 0.7 Transmutations
 * Level 3.2 Earth Magic


You had 5 spell levels left.
You knew the following spells:

 Your Spells              Type           Power        Failure   Level  Hunger
a - Sandblast             Erth           ##....       4%          1    N/A
b - Passwall              Tmut/Erth      #.......     13%         2    N/A

Your spell library contained the following spells:

 Spells                   Type           Power        Failure   Level  Hunger
 Stone Arrow              Conj/Erth      #.....       30%         3    N/A
 Lee's Rapid Deconstruct  Erth           ##........   80%         5    N/A
 Petrify                  Tmut/Erth      #.......     65%         4    N/A

Dungeon Overview and Level Annotations

Branches:
Dungeon (4/15)
 Temple: D:4-7

Altars:
Qazlal
Uskayaw


Innate Abilities, Weirdness & Mutations

You do not eat or drink.
Your flesh is vulnerable to fire.
You are immune to poison.
Your flesh is cold resistant. (rC+)
You are immune to negative energy. (rN+++)
You are immune to unholy pain and torment.
You can survive without breathing.


Message History

As you open the door, it creaks loudly!
You hear a loud, deep croak!
A bullfrog comes into view.
There is an open door here.
A bullfrog is nearby!
Casting: Sandblast (safe; 4% risk of failure)
Confirm with . or Enter, or press ? or * to list all spells.
Aiming: Sandblast (safe; 4% risk of failure)
Press: ? - help, Shift-Dir - straight line, f - bullfrog
Aim: a bullfrog The blast of sand misses the bullfrog.
b - 29 stones
Casting: Sandblast (safe; 4% risk of failure)
Confirm with . or Enter, or press ? or * to list all spells.
Aiming: Sandblast (safe; 4% risk of failure)
Press: ? - help, Shift-Dir - straight line, f/p - bullfrog
Aim: a bullfrog The blast of sand misses the bullfrog.
b - 28 stones The bullfrog closely misses you.
Casting: Sandblast (safe; 4% risk of failure)
Confirm with . or Enter, or press ? or * to list all spells.
Aiming: Sandblast (safe; 4% risk of failure)
Press: ? - help, Shift-Dir - straight line, f/p - bullfrog
Aim: a bullfrog You miscast Sandblast.
You are very lightly contaminated with residual magic.
Nothing appears to happen.
The bullfrog hits you. x2
Casting: Sandblast (safe; 4% risk of failure)
Confirm with . or Enter, or press ? or * to list all spells.
Aiming: Sandblast (safe; 4% risk of failure)
Press: ? - help, Shift-Dir - straight line, f/p - bullfrog
Aim: a bullfrog The blast of sand hits the bullfrog.
The bullfrog is heavily wounded.
b - 27 stones The bullfrog hits you.
Casting: Sandblast (safe; 4% risk of failure)
Confirm with . or Enter, or press ? or * to list all spells.
Aiming: Sandblast (safe; 4% risk of failure)
Press: ? - help, Shift-Dir - straight line, f/p - bullfrog
Aim: a bullfrog (heavily wounded)
The blast of sand misses the bullfrog.
b - 26 stones The bullfrog hits you but does no damage.
The bullfrog hits you.
* * * LOW HITPOINT WARNING * * *
Casting: Sandblast (safe; 4% risk of failure)
Confirm with . or Enter, or press ? or * to list all spells.
Aiming: Sandblast (safe; 4% risk of failure)
Press: ? - help, Shift-Dir - straight line, f/p - bullfrog
Aim: a bullfrog (heavily wounded)
The blast of sand hits the bullfrog.
The bullfrog is severely wounded.
b - 25 stones The bullfrog closely misses you.
Casting: Sandblast (safe; 4% risk of failure)
Confirm with . or Enter, or press ? or * to list all spells.
Aiming: Sandblast (safe; 4% risk of failure)
Press: ? - help, Shift-Dir - straight line, f/p - bullfrog
Aim: a bullfrog (severely wounded)
The blast of sand misses the bullfrog.
b - 24 stones The bullfrog hits you!
You die...

#............#.......#
##.##..##'##.......#
#.##..#.........###
#.....#.........#
#.....#.........#
#.....#.........#
#...###.........#
###'# ....#######
#..@#.)...#
#..F#.....# +...+
##..# #..# #... #...
#...


You could see a bullfrog.

Vanquished Creatures
  3 dart slugs (D:1)
  2 leopard geckos
  An orc (D:3)
  A bat (D:1)
  4 goblins (D:1)
  2 hobgoblins (D:1)
  2 kobolds
  2 frilled lizards
  5 rats (D:1)
22 creatures vanquished.

Notes
Turn   | Place    | Note
-------+----------+-------------------------------------------
     0 | D:1      | Amnesiac the Mummy Earth Elementalist began the quest for the Orb.
     0 | D:1      | Reached XP level 1. HP: 13/13 MP: 4/4
   163 | D:1      | Reached XP level 2. HP: 16/19 MP: 0/5
   214 | D:1      | Learned a level 2 spell: Passwall
   751 | D:3      | Reached XP level 3. HP: 20/24 MP: 5/7
   761 | D:3      | Found a stormy altar of Qazlal.
   761 | D:3      | Found a hide-covered altar of Uskayaw.
   866 | D:4      | Noticed a bullfrog
   874 | D:4      | Slain by a bullfrog

Skill      XL: |  1  2 |
---------------+-------+-----
Earth Magic    | 3 |  3.2
Spellcasting   | 3 |  3.2
Dodging        | |  1.5
Stealth        | |  1.5
Transmutations | |  0.7

Action                   || total
-------------------------++-------
Melee: Unarmed           ||     6
       Dagger            ||    22
 Cast: Sandblast         ||    24
Armor: Robe              ||     6
Dodge: Dodged            ||    14
